 Dungeon Crawl Stone Soup version 0.20.1-1-g8b1a95d (webtiles) character file.

1688 Salad the Spear-Bearer (level 9, -1/145 HPs)
             Began as an Ogre Berserker on July 13, 2017.
             Was an Elder of Trog.
             Slain by a quokka (3 damage)
             ... on level 6 of the Dungeon.
             The game lasted 00:09:46 (4907 turns).

Salad the Spear-Bearer (Ogre Berserker)             Turns: 4907, Time: 00:09:48

Health: -1/145     AC:  4    Str: 29    XL:     9   Next: 2%
Magic:  9/9        EV: 10    Int:  8    God:    Trog [****..]
Gold:   100        SH:  0    Dex: 13    Spells: 8/8 levels left

rFire    . . .     SeeInvis .   a - +2 trident (venom)
rCold    . . .     Gourm    .   (no shield)
rNeg     . . .     Faith    .   b - +1 animal skin
rPois    .         Spirit   .   (helmet restricted)
rElec    .         Reflect  .   (no cloak)
rCorr    .         Harm     .   (gloves unavailable)
MR       .....                  (boots unavailable)
Stlth    ..........             (no amulet)
Regen    0.4/turn               s - +3 ring of dexterity
MPRegen  0.2/turn               (no ring)

@: berserking, slowed
A: unfitting armour, tough skin 1
a: Berserk, Trog's Hand, Brothers in Arms, Burn Spellbooks, Renounce Religion


You were on level 6 of the Dungeon.
You worshipped Trog.
Trog was greatly pleased with you.
You were not hungry.

You visited 1 branch of the dungeon, and saw 6 of its levels.

You collected 319 gold pieces.
You spent 219 gold pieces at shops.

Inventory:

Hand Weapons
 a - a +2 trident of venom (weapon)
Armour
 b - a +1 animal skin (worn)
Jewellery
 s - a +3 ring of dexterity (left hand)
Wands
 i - a wand of flame (26/48)
Scrolls
 e - 2 scrolls of recharging
 f - 4 scrolls of teleportation
 m - a scroll of remove curse
 t - 2 scrolls of magic mapping
Potions
 j - 7 potions of curing
 k - 2 potions of berserk rage
 n - a potion of haste {unknown}
 q - 2 potions of brilliance {unknown}
 v - a potion of lignification {unknown}
Comestibles
 c - 3 bread rations
 g - 2 royal jellies
 h - 2 meat rations


   Skills:
 - Level 8.8 Fighting
 + Level 9.9 Polearms
 - Level 2.6 Dodging


You had 8 spell levels left.
You didn't know any spells.

Dungeon Overview and Level Annotations

Branches:
Dungeon (6/15)             Temple (0/1) D:5

Altars:
Hepliaklqana
Makhleb
Nemelex Xobeh
Uskayaw

Shops:
D:4 *   D:6 [


Innate Abilities, Weirdness & Mutations

You are too large for most types of armour.
You have tough skin. (AC +1)


Message History

The gnoll hits you!
* * * LOW HITPOINT WARNING * * *
The gnoll hits you from afar with a spear!
* * * LOW HITPOINT WARNING * * *
The quokka barely misses you.
You feel much better. The gnoll barely misses you. The quokka bites you.
* * * LOW HITPOINT WARNING * * *
The gnoll hits you from afar with a spear!
* * * LOW HITPOINT WARNING * * *
The gnoll closely misses you. The gnoll hits you.
* * * LOW HITPOINT WARNING * * *
Unknown command.
A red film seems to cover your vision as you go berserk!
You feel yourself moving faster!
You feel mighty!
You feel a lot more hungry. The quokka misses you. The orc hits you.
* * * LOW HITPOINT WARNING * * *
The gnoll hits you from afar with a spear.
* * * LOW HITPOINT WARNING * * *
The quokka bites you.
You die...

#≈#...#≈# ###≈.....≈#
#.+...∩... #.# ..... #
#.#≈#...#≈# #.# ≈≈.≈≈
#############.####§####
........@rg.)(.)(.))).#
#####....go...(#######.#
#.........gg......# .Y
#.###.)........##.... ..
+................ .
#.)........##..#.
#########..# .# ##.# #
.#


You could see 4 gnolls, an orc and a quokka.

Vanquished Creatures
  Grinder (D:3)
  Sigmund (D:2)
  Menkaure (D:4)
  A centaur (D:6)
  The ghost of appiemonkey the Chiller, an amateur OpIE (D:3)
  Blork the orc (D:4)
  2 bullfrogs (D:6)
  A scorpion (D:3)
  2 crimson imps (D:5)
  6 orc priests
  A hound (D:5)
  An orc wizard (D:6)
  Jessica (D:3)
  Natasha (thrice) (D:3)
  2 worker ants (D:4)
  A worker ant zombie (D:5)
  Robin (D:3)
  5 adders
  3 gnolls (D:2)
  2 oozes
  3 adder skeletons
  3 worms
  10 dart slugs
  3 leopard geckos
  22 orcs
  9 giant cockroaches
  18 goblins
  14 hobgoblins
  A jackal (D:1)
  2 quokkas
  3 ball pythons
  7 bats
  4 frilled lizards
  6 kobolds
  A quokka skeleton (D:4)
  12 rats
155 creatures vanquished.

Vanquished Creatures (collateral kills)
  An ice beast (D:6)
  A phantom (D:6)
  An orc (D:6)
3 creatures vanquished.

Grand Total: 158 creatures vanquished

Notes
Turn   | Place    | Note
-------+----------+-------------------------------------------
     0 | D:1      | Salad the Ogre Berserker began the quest for the Orb.
     0 | D:1      | Reached XP level 1. HP: 24/24 MP: 1/1
   200 | D:1      | Reached XP level 2. HP: 33/33 MP: 2/2
   333 | D:1      | Reached skill level 5 in Fighting
   341 | D:1      | Reached ** piety under Trog
   355 | D:1      | Reached XP level 3. HP: 37/42 MP: 3/3
   886 | D:2      | Noticed Sigmund
   911 | D:2      | Killed Sigmund
   911 | D:2      | Reached skill level 4 in Polearms
   911 | D:2      | Reached XP level 4. HP: 8/55 MP: 4/4
   911 | D:2      | Reached XP level 5. HP: 9/62 MP: 5/5
  1568 | D:2      | Reached XP level 6. HP: 48/71 MP: 6/6
  1980 | D:3      | Noticed Grinder
  1986 | D:3      | Killed Grinder
  1986 | D:3      | Reached skill level 5 in Polearms
  1986 | D:3      | Reached XP level 7. HP: 81/81 MP: 7/7
  2069 | D:3      | Reached *** piety under Trog
  2478 | D:3      | Noticed Robin
  2526 | D:3      | Killed Robin
  2633 | D:3      | Noticed Jessica
  2636 | D:3      | Killed Jessica
  2766 | D:3      | Noticed Natasha
  2767 | D:3      | Noticed appiemonkey's ghost (amateur OpIE)
  2775 | D:3      | Killed Natasha
  2781 | D:3      | Killed appiemonkey's ghost
  2781 | D:3      | Reached skill level 6 in Polearms
  2962 | D:3      | Noticed Natasha
  2971 | D:3      | Killed Natasha
  3040 | D:3      | Noticed Natasha
  3048 | D:3      | Killed Natasha
  3067 | D:4      | Reached **** piety under Trog
  3081 | D:4      | Reached skill level 7 in Polearms
  3423 | D:4      | Noticed Menkaure
  3429 | D:4      | Killed Menkaure
  3429 | D:4      | Reached XP level 8. HP: 91/91 MP: 8/8
  3598 | D:4      | Found Duogex's Desiderata Depot.
  3615 | D:4      | Reached skill level 8 in Polearms
  3625 | D:4      | Bought a +3 ring of dexterity for 219 gold pieces
  3644 | D:4      | Noticed Blork the orc
  3653 | D:4      | Killed Blork the orc
  4169 | D:5      | Entered Level 5 of the Dungeon
  4171 | D:5      | Found a burning altar of Makhleb.
  4286 | D:5      | Found a staircase to the Ecumenical Temple.
  4376 | D:5      | Found a hazy altar of Hepliaklqana.
  4406 | D:5      | Found a hide-covered altar of Uskayaw.
  4410 | D:5      | Found a sparkling altar of Nemelex Xobeh.
  4860 | D:6      | Reached skill level 9 in Polearms
  4872 | D:6      | Found Lufailo's Armour Shop.
  4900 | D:6      | Reached XP level 9. HP: 21/97 MP: 9/9
  4905 | D:6      | HP: 3/97 [gnoll/spear (8)]
  4907 | D:6      | Slain by a quokka

Skill      XL: |  1  2  3  4  5  6  7  8 |
---------------+-------------------------+-----
Fighting       | 5 7 8 |  8.8
Polearms       | 4 5 7 9 |  9.9
Dodging        | |  2.6

Action                   |  1- 3 |  4- 6 |  7- 9 || total
-------------------------+-------+-------+-------++-------
Melee: Spear             |   143 |       |       ||   143
       Scythe            |       |    34 |       ||    34
       Halberd           |       |    15 |   149 ||   164
       Trident           |       |       |   119 ||   119
Invok: Berserk           |     1 |     2 |     6 ||     9
       Trog's Hand       |       |       |     1 ||     1
       Brothers in Arms  |       |       |     1 ||     1
  Use: Scroll            |       |     2 |    12 ||    14
       Potion            |       |       |     2 ||     2
 Stab: Sleeping          |       |       |     1 ||     1
  Eat: Chunk             |       |     4 |     6 ||    10
       Bread ration      |       |     1 |     1 ||     2
       Meat ration       |       |       |     1 ||     1
Armor: Animal skin       |    36 |     9 |    40 ||    85
Dodge: Dodged            |    56 |    28 |   113 ||   197
